Map: Dragon Scales LE

Players

SiR

  • Race: Zerg Zerg
  • League: Diamond
  • Spawn Location: 5:00

TheMindsEye - Winner!

  • Race: Protoss Protoss
  • League: Diamond
  • Spawn Location: 11:00

VOD

https://www.youtube.com/watch?v=rU5xnklUOkw

Description

Time

  • Played on: July 24, 2023, 10:06 a.m.
  • Length: 16:47
Show
View Real Time Build Order
Export as new Build Order

SiR Zerg 

Build Orders: Pool First 

Get SALT Encoding   

  12  0:00  Drone  
  13  0:08  Drone  
  14  0:15  Drone, Extractor  
  14  0:37  Spawning Pool  
  14  0:39  Drone  
  14  1:07  Hatchery  
  13  1:12  Drone  
  14  1:24  Metabolic Boost  
  9  1:46  Zergling x4  
  5  2:11  Drone x2  
  7  2:29  Drone x2  
  8  2:40  Drone  
  9  2:55  Zergling x2  
  10  3:05  Drone  
  10  3:14  Zergling x2  
  11  3:20  Queen  
  12  3:45  Drone  
  12  3:46  Drone  
  12  3:47  Overlord  
  14  4:23  Hatchery  
  13  4:28  Drone  
  14  4:32  Drone  
  14  4:37  Drone  
  16  4:54  Drone x3  
  19  5:04  Drone x2  
  20  5:28  Overlord  
  20  5:31  Queen  
  23  5:42  Zergling x2  
  23  5:43  Zergling x6  
  24  6:08  Zergling x4  
  24  6:09  Zergling x4  
  27  6:54  Drone x2  
  27  6:55  Drone  
  29  7:05  Hatchery  
  29  7:07  Hatchery  
  27  7:25  Drone  
  27  7:27  Overlord x2  
  28  7:34  Zergling x4  
  28  7:36  Overlord  
  30  7:57  Lair  
  28  8:01  Extractor  
  28  8:02  Drone x2  
  29  8:12  Drone x3  
  32  8:25  Zergling x6  
  28  8:39  Zergling x8  
  28  8:40  Zergling x4  
  32  8:47  Zergling x4  
  32  8:56  Hydralisk Den  
  32  8:57  Queen  
  32  8:58  Queen  
  29  9:24  Hydralisk  
  29  9:25  Hydralisk x6  
  42  9:44  Drone x4  
  44  10:00  Zergling x4, Hydralisk  
  43  10:29  Drone x5  
  43  10:30  Drone  
  43  10:35  Grooved Spines  
  49  10:41  Zergling x6  
  51  10:52  Overlord  
  51  10:53  Overlord  
  50  11:09  Drone x2  
  50  11:10  Drone x3  
  49  11:24  Hatchery  
  46  11:33  Hydralisk x3  
  46  11:37  Overseer  
  52  11:50  Hydralisk x3  
  54  12:19  Hydralisk x4  
  38  13:05  Muscular Augments  
  33  13:16  Drone x4  
  33  13:17  Drone x6  
  33  13:18  Drone x4  
  47  13:33  Hydralisk  
  49  13:44  Hydralisk  
  49  13:46  Hydralisk  
  52  13:55  Spore Crawler  
  52  13:57  Spore Crawler  
  39  14:20  Hydralisk  
  39  14:21  Zergling x4, Hydralisk  
  44  14:40  Zergling x6  
  39  15:09  Zergling x6  
  39  15:10  Zergling x4  
  16  15:44  Spore Crawler  
  16  15:47  Spore Crawler  
  14  15:56  Hydralisk x2  
Show
View Real Time Build Order
Export as new Build Order

TheMindsEye Protoss - Winner!

Build Orders:  

Get SALT Encoding   

  12  0:01  Probe  
  13  0:13  Probe  
  14  0:18  Pylon  
  14  0:25  Probe  
  15  0:37  Assimilator  
  15  0:38  Probe  
  16  0:51  Probe (Chrono Boost)  
  17  1:00  Probe (Chrono Boost)  
  18  1:05  Probe (Chrono Boost)  
  19  1:17  Probe (Chrono Boost)  
  20  1:24  Probe (Chrono Boost)  
  21  1:37  Probe  
  12  1:49  Probe  
  12  2:01  Probe  
  13  2:13  Probe  
  13  2:25  Probe  
  13  2:34  Gateway  
  13  2:38  Probe  
  14  2:53  Forge  
  13  3:04  Probe  
  14  3:16  Probe  
  15  3:29  Photon Cannon  
  15  3:33  Probe  
  15  3:45  Probe  
  16  3:57  Probe  
  16  4:09  Assimilator, Zealot (Chrono Boost)  
  16  4:15  Pylon  
  18  4:18  Assimilator, Probe (Chrono Boost)  
  19  4:31  Pylon  
  19  4:32  Probe (Chrono Boost)  
  19  4:38  Zealot (Chrono Boost)  
  20  4:43  Probe  
  23  5:08  Cybernetics Core  
  23  5:17  Photon Cannon  
  23  5:18  Photon Cannon  
  23  5:20  Photon Cannon  
  23  5:29  Probe  
  24  5:38  Pylon  
  24  5:41  Probe  
  25  5:44  Assimilator  
  21  6:14  Probe  
  22  6:18  Adept (Chrono Boost)  
  22  6:21  Warp Gate  
  22  6:22  Gateway  
  24  6:27  Gateway  
  24  6:44  Photon Cannon  
  24  6:45  Adept (Chrono Boost)  
  24  6:49  Probe  
  27  6:57  Pylon  
  27  7:02  Shield Battery  
  27  7:07  Adept (Chrono Boost)  
  33  7:16  Adept (Chrono Boost)  
  33  7:20  Adept (Chrono Boost)  
  33  7:26  Stargate  
  33  7:28  Probe  
  34  7:34  Adept  
  40  8:13  Stargate  
  40  8:15  Pylon  
  40  8:16  Void Ray  
  40  8:32  Shield Battery  
  40  8:57  Nexus  
  40  8:59  Pylon  
  44  10:10  Oracle  
  44  10:11  Oracle  
  34  10:23  Photon Cannon  
  34  10:25  Photon Cannon  
  34  10:26  Photon Cannon  
  34  10:28  Stargate, Shield Battery  
  34  10:31  Photon Cannon  
  34  10:36  Pylon  
  34  10:40  Photon Cannon  
  34  10:46  Photon Cannon  
  34  10:49  Oracle x2 (Chrono Boost)  
  34  10:53  Pylon  
  40  11:24  Oracle (Chrono Boost)  
  46  11:31  Oracle (Chrono Boost), Probe x2 (Chrono Boost)  
  48  11:34  Assimilator  
  48  11:42  Probe x2 (Chrono Boost)  
  50  11:48  Assimilator  
  53  11:55  Oracle (Chrono Boost)  
  53  12:20  Oracle x2  
  58  12:42  Oracle  
  57  12:57  Oracle (Chrono Boost)  
  51  13:17  Oracle (Chrono Boost), Probe x2  
  53  13:22  Pylon  
  53  13:23  Pylon  
  56  13:29  Probe x2  
  58  13:36  Oracle (Chrono Boost)  
  61  13:41  Probe x2  
  61  13:47  Oracle  
  66  13:53  Probe x2  
  68  14:05  Probe  
  69  14:21  Oracle x2  
  75  14:27  Oracle  
  78  14:35  Pylon, Probe  
  79  14:58  Oracle  
  82  15:03  Oracle  
  82  15:05  Oracle  
  88  15:10  Pylon  
  88  15:11  Shield Battery  
  87  15:51  Nexus  
  87  15:52  Pylon  
  87  15:55  Pylon  
  93  15:57  Void Ray x3  
Tags
 
Add a new tag
Caveats
  • Supply blocks, unpowered buildings, or Contaminate may cause inaccurate times.
  • Supply counts are checked every 10 seconds.